 Dungeon Crawl Stone Soup version 0.31-a0-175-g9f7f995f2b (webtiles) character file.

Game seed: 3009264058426200626

434 innerfire43 the Cutter (level 6, -4/48 HPs)
             Began as a Demonspawn Monk on June 17, 2023.
             Was a Priest of Wu Jian.
             Slain by a river rat (8 damage)
             ... on level 3 of the Dungeon.
             The game lasted 00:03:42 (2524 turns).

innerfire43 the Cutter (Demonspawn Monk)            Turns: 2524, Time: 00:03:43

Health: -4/48      AC:  3    Str: 13    XL:     6   Next: 67%
Magic:  6/6        EV: 13    Int: 12    God:    Wu Jian [***...]
Gold:   105        SH:  0    Dex: 15    Spells: 5/5 levels left

rFire   . . .        a - +0 short sword
rCold   + . .        d - orb {light}
rNeg    . . .        k - +0 leather armour {rC+}
rPois   .            (no helmet)
rElec   .            (no cloak)
rCorr   .            (no gloves)
SInv    .            (no boots)
Will    .....        (no amulet)
Stlth   +            (no ring)
HPRegen 0.28/turn    (no ring)
MPRegen 0.10/turn

%: no passive effects
@: glowing, very slow
A: claws 2, demonic guardian 1
a: Renounce Religion, Wall Jump, Serpent's Lash


You were on level 3 of the Dungeon.
You worshipped Wu Jian.
Wu Jian was most pleased with you.
You visited 1 branch of the dungeon, and saw 3 of its levels.

You collected 105 gold pieces.

Inventory:

Hand Weapons
 a - a +0 short sword (weapon)
Armour
 b - a +0 robe
 d - an orb of light (worn)
 k - a +0 leather armour of cold resistance (worn)
Jewellery
 c - a ring of protection from cold
Scrolls
 e - a scroll of immolation {unknown}
 f - 4 scrolls of identify {unknown}
 h - a scroll of noise {unknown}
 i - 3 scrolls of amnesia {unknown}
 j - 3 scrolls of teleportation {unknown}
 m - a scroll of blinking {unknown}
 n - a scroll of silence {unknown}


   Skills:
 + Level 3.9 Fighting
 * Level 4.8 Short Blades
 + Level 3.1 Armour
 + Level 3.8 Dodging


You had 5 spell levels left.
You didn't know any spells.
Your spell library was empty.

Dungeon Overview and Level Annotations

Branches:
Dungeon (3/15)

Altars:
Okawaru
Wu Jian


Innate Abilities, Weirdness & Mutations

You have very sharp fingernails.
A weak demonic guardian rushes to your aid.


Message History

Your unstable footing causes you to fumble your attack.
The river rat bites you.
You closely miss the river rat.
The river rat is heavily wounded.
The river rat closely misses you.
You hit the river rat but do no damage.
The river rat is heavily wounded.
The river rat bites you.
Your unstable footing causes you to fumble your attack.
You hit the river rat but do no damage.
The river rat is heavily wounded.
The river rat bites you!
Your unstable footing causes you to fumble your attack.
The river rat bites you.
You hit the river rat.
The river rat is severely wounded.
The river rat bites you.
Your unstable footing causes you to fumble your attack.
You barely miss the river rat.
The river rat is severely wounded.
The river rat closely misses you.
Your unstable footing causes you to fumble your attack.
The river rat barely misses you.
Your unstable footing causes you to fumble your attack.
The river rat bites you!
Your unstable footing causes you to fumble your attack.
Your unstable footing causes you to fumble your attack.
The river rat bites you.
You hit the river rat but do no damage.
The river rat is severely wounded.
The river rat bites you.
* * * LOW HITPOINT WARNING * * *
Your unstable footing causes you to fumble your attack.
The river rat bites you.
* * * LOW HITPOINT WARNING * * *
A demonic guardian appears!
You hit the river rat.
The river rat is almost dead.
The river rat bites you!
You die...

# #.###
#..#####.#### ###.
####.# ###.......#
#.
##...####.....#####
#.
.#.#......##...##~
##.
.......######..#~#
###.. .......#
####~# ##...#
†......# #~#
##..### .......#
#r# #..## .......#
#@# ##.## ########
#5# ##..#
#~########..##
##.~~~~~..###
##########


You could see a river rat (ally target) and a friendly white imp (summoned).

Vanquished Creatures
  Sigmund (D:3)
  2 dart slugs
  6 orcs
  6 ball pythons
  3 endoplasms
  A giant cockroach (D:3)
  A goblin (D:1)
  4 hobgoblins
  7 jackals (D:3)
  2 quokkas
  6 bats
  2 frilled lizards (D:1)
  6 kobolds
  4 rats
51 creatures vanquished.

Vanquished Creatures (collateral kills)
  Grinder (D:3)
  An orc (D:3)
2 creatures vanquished.

Grand Total: 53 creatures vanquished

Notes
Turn   | Place    | Note
-------+----------+-------------------------------------------
     0 | D:1      | innerfire43 the Demonspawn Monk began the quest for the
                  | Orb.
     0 | D:1      | Reached XP level 1. HP: 18/18 MP: 1/1
     6 | D:1      | You fall into a shaft and drop 1 floor!
    24 | D:2      | Found a faded altar of an unknown god.
    91 | D:2      | Prayed at the altar of an unknown god.
    91 | D:2      | Became a worshipper of the Wu Jian Council
    91 | D:2      | Reached * piety under Wu Jian
    91 | D:2      | Reached ** piety under Wu Jian
   326 | D:1      | Gained mutation: A weak demonic guardian rushes to your
                  | aid. [demonic ancestry]
   326 | D:1      | Reached XP level 2. HP: 24/24 MP: 2/2
   393 | D:1      | Reached *** piety under Wu Jian
   721 | D:1      | Reached skill level 3 in Short Blades
  1493 | D:3      | Reached XP level 3. HP: 29/29 MP: 3/3
  1862 | D:3      | Noticed Sigmund
  1883 | D:3      | Killed Sigmund
  1884 | D:3      | Reached skill level 4 in Short Blades
  1884 | D:3      | Reached XP level 4. HP: 34/35 MP: 4/4
  1884 | D:3      | Gained mutation: You have sharp fingernails. [demonic
                  | ancestry]
  1884 | D:3      | Reached XP level 5. HP: 40/41 MP: 5/5
  1895 | D:3      | Noticed Grinder
  1914 | D:3      | Paralysed by Grinder for 5 turns
  1955 | D:3      | HP: 1/41 [Grinder (4)]
  1955 | D:3      | Killed Grinder
  1956 | D:3      | Gained mutation: You have very sharp fingernails. [demonic
                  | ancestry]
  1956 | D:3      | Reached XP level 6. HP: 1/48 MP: 6/6
  2152 | D:3      | Found an iron altar of Okawaru.
  2524 | D:3      | Slain by a river rat

Illustrated notes

Levels and vault maps discovered:
D:1:      minmay_arrival_open_corners, layout_basic,
          minmay_misc_feat_four_crosses, minmay_misc_feat_x
D:2:      layout_basic, shapermc_ecumenical_altar_pompeii
D:3:      layout_rooms, mainiacjoe_overflow_tiny_flanked,
          nicolae_overflow_crystal_walls, gup_sewer_entry_spiral,
          chequers_mini_garden, uniq_grinder, uniq_sigmund

Skill      XL: |  1  2  3  4  5 |
---------------+----------------+-----
Short Blades   | 3 4 |  4.8
Dodging        | 3 |  3.8
Armour         | 2 3 |  3.1
Fighting       | |  3.9

Action                     |  1- 3 |  4- 6 || total
---------------------------+-------+-------++-------
  Melee: Short sword       |   181 |   112 ||   293
Ability: Lunge             |    15 |     5 ||    20
         Whirlwind         |       |     1 ||     1
    Use: Potion            |       |     4 ||     4
 Armour: Robe              |     6 |       ||     6
         Leather armour    |    24 |    26 ||    50
  Dodge: Dodged            |    93 |    56 ||   149

Table legend: (Time is in decaauts)
 A = Elapsed time spent in this place.
 B = Non-inter-level travel time spent in this place.
 C = Inter-level travel time spent in this place.
 D = Time resting spent in this place.
 E = Time spent auto-exploring this place.
 F = Levels seen in this place.
 G = Mean time per level.
                   A        B        C        D        E       F      G
               +--------+--------+--------+--------+--------+-----+--------+
         Total |   2476 |   2390 |     86 |      0 |   1908 |   3 |  825.3 |
       Dungeon |   2476 |   2390 |     86 |      0 |   1908 |   3 |  825.3 |
               +--------+--------+--------+--------+--------+-----+--------+

Top non-repeatable levels by time:
     D:3: 1034 daAuts
     D:1: 808 daAuts
     D:2: 633 daAuts
